 Dungeon Crawl Stone Soup version 0.20.1-1-g8b1a95d (webtiles) character file.

56 Folque the Magician (level 3, -4/25 HPs)
             Began as an Octopode Wizard on Oct 28, 2017.
             Was an Initiate of Sif Muna.
             Slain by an orc (5 damage)
             ... on level 3 of the Dungeon.
             The game lasted 00:09:13 (1641 turns).

Folque the Magician (Octopode Wizard)               Turns: 1641, Time: 00:09:13

Health: -4/25      AC:  1    Str:  6    XL:     3   Next: 97%
Magic:  6/8        EV: 13    Int: 26    God:    Sif Muna [......]
Gold:   56         SH:  0    Dex: 10    Spells: 4/9 levels left

rFire    . . .     SeeInvis .   n - +2 short sword (freeze)
rCold    + . .     Gourm    .   (no shield)
rNeg     . . .     Faith    .   a - +0 hat
rPois    .         Spirit   .   (no amulet)
rElec    .         Reflect  .   o - ring of protection from cold
rCorr    .         Harm     .   (no ring)
MR       .....                  (no ring)
Stlth    +++.......             (no ring)
Regen    0.1/turn               (no ring)
MPRegen  0.2/turn               (no ring)
                                (no ring)
                                (no ring)

@: brilliant, about to teleport, very slightly contaminated
A: almost no armour, stealthy swim, amphibious, 8 rings, constrict 8, camouflage
1, gelatinous body 1
a: Renounce Religion


You were on level 3 of the Dungeon.
You worshipped Sif Muna.
Sif Muna was noncommittal.
You were not hungry.

You visited 1 branch of the dungeon, and saw 3 of its levels.

You collected 56 gold pieces.

Inventory:

Hand Weapons
 f - a +0 short sword
 m - a +0 spear
 n - a +2 short sword of freezing (weapon)
Armour
 a - a +0 hat (worn)
Jewellery
 o - a ring of protection from cold (left tentacle)
Scrolls
 h - a scroll of magic mapping {unknown}
 j - 2 scrolls of amnesia {unknown}
 k - 2 scrolls of teleportation
Potions
 d - a potion of flight {unknown}
 e - a potion of brilliance
Books
 b - a book of Minor Magic

   Spells                             Type                      Level
   a - Magic Dart                     Conjuration                  1
   b - Blink                          Translocation                2
   c - Call Imp                       Summoning                    2
   d - Slow                           Hexes                        2
   e - Conjure Flame                  Conjuration/Fire             3
   f - Mephitic Cloud                 Conjuration/Poison/Air       3
Comestibles
 c - a bread ration
 g - 3 chunks of flesh
 l - a royal jelly


   Skills:
 * Level 2.6 Fighting
 - Level 2.0 Dodging
 - Level 2.6 Stealth
 + Level 3.5 Spellcasting
 - Level 1.0 Conjurations
 - Level 1.0 Summonings
 - Level 1.0 Translocations


You had 4 spell levels left.
You knew the following spells:

 Your Spells              Type           Power        Failure   Level  Hunger
a - Magic Dart            Conj           ####         1%          1    None
b - Call Imp              Summ           ####....     1%          2    #......
c - Blink                 Tloc           N/A          1%          2    #......


Dungeon Overview and Level Annotations

Branches:
Dungeon (2/15)

Altars:
Sif Muna


Innate Abilities, Weirdness & Mutations

You cannot wear most types of armour.
You are very stealthy in the water. (Stealth+)
You are amphibious.
You can wear up to eight rings at the same time.
You can use your tentacles to constrict eight enemies at once.
Your skin changes colour to match your surroundings (Stealth+).
Your rubbery body absorbs attacks. (AC +1, EV +1)


Message History

You constrict the orc wizard. Something hits you but does no damage.
The orc wizard hits you with an enchanted dagger.
The orc hits you. Something hits your white imp.
As you read the scroll of teleportation, it crumbles to dust.
You feel strangely unstable.
You constrict the orc wizard.
The orc wizard points at you and mumbles some strange words.
The puff of frost hits you! You resist.
* * * LOW HITPOINT WARNING * * *
The orc wizard hits you but does no damage.
The orc barely misses you.
You hear some strange, mumbled words.
A magic dart appears from out of thin air!
The magic dart hits you!
* * * LOW HITPOINT WARNING * * *
It was a potion of brilliance.
You feel clever all of a sudden.
You constrict the orc wizard.
The orc wizard hits you but does no damage.
The orc hits you.
You die...

# ####. ## #...## #.#
#.#..###..
#####.#.#.#.#
#....ooo...#
#.###@#.#..##.##..
#.##.5..#..{o..... #.
#.#.....#.###.##.# #.#
#.........# # #.#
#.#...........# ###.#
#.##...##.####..
##.#.# #.###..##.#
##....######.........#
...........)..........


You could see an orc wizard, 2 orcs and a friendly white imp.

Vanquished Creatures
  An adder (D:2)
  A worm (D:2)
  A dart slug (D:1)
  3 leopard geckos (D:1)
  4 bats
  A giant cockroach (D:1)
  3 goblins (D:1)
  4 hobgoblins
  2 jackals (D:1)
  A quokka (D:2)
  3 frilled lizards
  6 kobolds
  4 rats (D:1)
34 creatures vanquished.

Vanquished Creatures (collateral kills)
  A worm (D:2)
  A quokka (D:3)
  A bat (D:3)
  A kobold (D:3)
4 creatures vanquished.

Grand Total: 38 creatures vanquished

Notes
Turn   | Place    | Note
-------+----------+-------------------------------------------
     0 | D:1      | Folque the Octopode Wizard began the quest for the Orb.
     0 | D:1      | Reached XP level 1. HP: 11/11 MP: 4/4
   264 | D:1      | Reached skill level 1 in Fighting
   272 | D:1      | Reached XP level 2. HP: 14/18 MP: 4/6
   678 | D:1      | Learned a level 2 spell: Call Imp
   681 | D:1      | Learned a level 2 spell: Blink
   749 | D:1      | Reached XP level 3. HP: 24/24 MP: 2/7
  1327 | D:2      | Found a deep blue altar of Sif Muna.
  1333 | D:2      | Became a worshipper of Sif Muna the Loreminder
  1574 | D:2      | You fall through a shaft!
  1640 | D:3      | HP: 1/25 [something/magic dart (6)]
  1641 | D:3      | Slain by an orc

Skill      XL: |  1  2 |
---------------+-------+-----
Fighting       | 1 2 |  2.6
Dodging        | |  2.0
Stealth        | |  2.6
Spellcasting   | |  3.5
Conjurations   | |  1.0
Summonings     | |  1.0
Translocations | |  1.0

Action                   || total
-------------------------++-------
Melee: Short sword       ||    26
       Constrict         ||    17
       Spear             ||    66
       Tentacles         ||     6
 Cast: Magic Dart        ||    22
       Call Imp          ||     3
  Use: Scroll            ||     6
       Potion            ||     1
 Stab: Sleeping          ||    10
       Distracted        ||     1
  Eat: Chunk             ||     2
Armor: Skin              ||    10
Dodge: Dodged            ||    39
